 Dungeon Crawl Stone Soup version 0.28-a0-577-gb193047a1f (webtiles) character file.

Game seed: 2484284433282860383

3010 KoroneIsBestGirl the Frost Mage (level 9, 0/65 HPs)
             Began as a Barachi Ice Elementalist on Oct 2, 2021.
             Was an Initiate of Gozag.
             Slain by a black bear (6 damage)
             ... on level 8 of the Dungeon.
             The game lasted 00:15:53 (12483 turns).

KoroneIsBestGirl the Frost Mage (BaIE)             Turns: 12483, Time: 00:15:54

Health: 0/65       AC:  2    Str: 16    XL:     9   Next: 84%
Magic:  16/20      EV: 14    Int: 19    God:    Gozag
Gold:   151        SH:  5    Dex: 12    Spells: 19/23 levels left

rFire   . . .      SeeInvis .   C - +3 short sword (vamp)
rCold   + . .      Faith    .   i - +0 buckler
rNeg    . . .      Spirit   .   a - +0 robe
rPois   .          Reflect  .   (helmet restricted)
rElec   .          Harm     .   (no cloak)
rCorr   .          Rampage  .   (no gloves)
Will    .....      Rage     1%  (no boots)
Stlth   ++........              l - amulet of magic regeneration
HPRegen 0.20/turn               b - ring of protection from cold
MPRegen 0.42/turn               p - +6 ring of strength

@: unable to hop, slow
A: amphibious, slowness 1, strong legs 1, +LOS, horns 2, berserk 1
a: Hop, Renounce Religion, Potion Petition, Call Merchant, Bribe Branch


You were on level 8 of the Dungeon.
You worshipped Gozag.
Gozag was aware of your devotion.
You visited 2 branches of the dungeon, and saw 9 of its levels.

You collected 232 gold pieces.
You paid 81 gold pieces to Gozag.

Inventory:

Hand Weapons
 c - a +0 club
 s - a +0 falchion
 C - a +3 vampiric short sword (weapon)
Armour
 a - a +0 robe (worn)
 h - a +0 helmet
 i - a +0 buckler (worn)
Jewellery
 b - a ring of protection from cold (left hand)
 l - an amulet of magic regeneration (around neck)
 p - a +6 ring of strength (right hand)
 q - an amulet of the acrobat
Wands
 o - a wand of flame (12)
Scrolls
 d - a scroll of fog
 e - a scroll of brand weapon {unknown}
 k - a scroll of holy word
 n - a scroll of fear {unknown}
 r - 3 scrolls of noise
 u - a scroll of enchant armour {unknown}
 v - 2 scrolls of immolation {unknown}
 w - 2 scrolls of silence {unknown}
 x - 2 scrolls of magic mapping {unknown}
 y - a scroll of identify
 A - a scroll of amnesia {unknown}
 B - a scroll of teleportation
Potions
 f - 2 potions of curing
 g - 3 potions of attraction
 j - 2 potions of resistance
 m - a potion of cancellation {unknown}
 t - 2 potions of haste {unknown}
 z - a potion of brilliance {unknown}
 D - a potion of lignification {unknown}


   Skills:
 - Level 4.0 Fighting
 - Level 4.1 Long Blades
 + Level 3.3 Armour
 + Level 7.1 Dodging
 - Level 1.7 Stealth
 - Level 4.0 Shields
 + Level 7.5 Spellcasting
 + Level 8.8 Ice Magic


You had 19 spell levels left.
You knew the following spells:

 Your Spells              Type           Power      Damage    Failure   Level
a - Freeze                Ice            100%       1d11      1%          1
b - Frozen Ramparts       Ice            80%        1d10      1%          3

Your spell library contained the following spells:

 Spells                   Type           Power      Damage    Failure   Level
 Ozocubu's Armour         Ice            40%        N/A       1%          3
 Corpse Rot               Necr/Air       N/A        N/A       14%         2
 Poisonous Vapours        Pois/Air       14%        N/A       14%         2
 Hailstorm                Conj/Ice       23%        3d7       16%         4


Dungeon Overview and Level Annotations

Branches:
Dungeon (8/15)             Temple (1/1) D:7
   Lair: D:8-11

Altars:
Ashenzari
Gozag
Okawaru
Ru
Trog
Vehumet
The Shining One

Shops:
D:1 :::![   D:5 *   D:6 (


Innate Abilities, Weirdness & Mutations

You are amphibious.
You cover ground slowly.
You can hop short distances.
You have an extended range of vision and can be seen from far away.
You have a pair of horns on your head.
You tend to lose your temper in combat.


Message History

The wall freezes the water moccasin!
The water moccasin seems to slow down.
The wall freezes the black bear!
The black bear bites you. The black bear barely misses you.
You block the black bear's attack.
You are too injured to fight recklessly!
Unknown command.
Casting: Frozen Ramparts (safe; 1% risk of failure)
Confirm with . or Enter, or press ? or * to list all spells.
Okay, then.
The orc warrior shouts!
The wall freezes the water moccasin.
The water moccasin bites you but does no damage.
A bullfrog comes into view.
The wall freezes the black bear!
The black bear misses you. The black bear closely misses you.
You block the black bear's attack.
The wall freezes the water moccasin.
The water moccasin seems to slow down.
The water moccasin bites you!
* * * LOW HITPOINT WARNING * * *
The wall freezes the black bear.
The black bear goes berserk!
Your frozen ramparts will break if you move.
Continue? [Y]es or [N]o only, please.
Your frozen ramparts will break if you move.
Continue? [Y]es or [N]o only, please.
Your frozen ramparts will break if you move.
Continue? [Y]es or [N]o only, please.
Your frozen ramparts will break if you move.
Continue?
Hop to where?
Press: ? - help, Dir - move target Your frozen ramparts will break if you move.
Continue?
Okay, then.
Hop to where?
Press: ? - help, Dir - move target Your frozen ramparts will break if you move.
Continue?
The frozen ramparts melt away as you move.
Found 19 arrows.
Boing!
Okay, then.
The black bear bites you!
* * * LOW HITPOINT WARNING * * *
The black bear claws you.
You die...
Your body crumbles into a pile of gold.

....... ##+ ........
..####........ .....
.......
##...##......>
$............
#...........
...######).o........
#......@>.<$$......
.........h.######...
#######..S$###
##..○$.# #.##$.$..#
..............
#####..##.......
P.P. P...... .....


PP..... You could see an orc warrior, a water moccasin (slow) and a black bear
(berserk).

Vanquished Creatures
  Pikel (D:4)
  Sigmund (D:3)
  Menkaure (D:4)
  A water moccasin (D:7)
  Duvessa (D:7)
  Edmund (D:4)
  2 orc warriors
  2 black bears
  2 ogres
  A centaur (D:8)
  A phantom (D:4)
  A kobold brigand (D:4)
  A bullfrog (D:7)
  A scorpion (D:7)
  Dowan (D:7)
  A wyvern zombie (D:5)
  A water moccasin skeleton (D:4)
  A centaur zombie (D:7)
  2 centaur skeletons
  2 bullfrog skeletons
  7 orc priests
  A gnoll shaman (D:6)
  2 hounds
  6 iguanas
  2 orc wizards
  A hound skeleton (D:5)
  A howler monkey zombie (D:7)
  9 gnolls
  5 adders
  3 shadow imps
  A white imp (D:5)
  An ufetubus (D:7)
  3 dart slugs
  2 worms
  25 orcs
  6 endoplasms
  2 goblins
  8 hobgoblins
  7 ball pythons
  A bat (D:2)
  2 frilled lizards
  4 kobolds
  8 rats
132 creatures vanquished.

Vanquished Creatures (others)
  8 fungi (D:8)
  35 plants
43 creatures vanquished.

Grand Total: 175 creatures vanquished

Notes
Turn   | Place    | Note
-------+----------+-------------------------------------------
     0 | D:1      | KoroneIsBestGirl the Barachi Ice Elementalist began the
                  | quest for the Orb.
     0 | D:1      | Reached XP level 1. HP: 13/13 MP: 3/3
   205 | D:1      | Found Jemuplee's Book Shop.
   334 | D:1      | Found Cudghae's Distillery.
   512 | D:1      | Found Xeleoben's Book Emporium.
   574 | D:1      | Reached skill level 5 in Ice Magic
   583 | D:1      | Reached XP level 2. HP: 15/19 MP: 1/5
   753 | D:1      | Found Wili's Book Shoppe.
  1110 | D:1      | Found Wenk's Armour Emporium.
  1505 | D:2      | Reached XP level 3. HP: 24/24 MP: 1/6
  1589 | D:2      | Reached skill level 1 in Shields
  1652 | D:2      | Learned a level 3 spell: Frozen Ramparts
  1820 | D:2      | Reached XP level 4. HP: 22/30 MP: 4/8
  2607 | D:3      | Noticed Sigmund
  3557 | D:3      | Killed Sigmund
  3558 | D:3      | Reached XP level 5. HP: 18/35 MP: 4/10
  3558 | D:3      | Reached XP level 6. HP: 21/41 MP: 4/11
  3929 | D:4      | Reached skill level 6 in Ice Magic
  5915 | D:4      | Reached XP level 7. HP: 35/46 MP: 6/13
  6034 | D:4      | Noticed Pikel
  6044 | D:4      | Killed Pikel
  6045 | D:4      | Reached skill level 5 in Dodging
  6045 | D:4      | Reached skill level 5 in Spellcasting
  6045 | D:4      | Reached skill level 7 in Ice Magic
  6045 | D:4      | Reached XP level 8. HP: 26/52 MP: 6/15
  6292 | D:4      | Noticed Edmund
  6299 | D:4      | Killed Edmund
  6551 | D:4      | Noticed Menkaure
  6559 | D:4      | Killed Menkaure
  6866 | D:4      | Reached skill level 8 in Ice Magic
  6881 | D:4      | Found a radiant altar of Vehumet.
  6982 | D:5      | Entered Level 5 of the Dungeon
  6982 | D:5      | Found Ceorgh's Assorted Antiques.
  7052 | D:4      | Gained mutation: You tend to lose your temper in combat.
                  | [potion of mutation]
  7052 | D:4      | Gained mutation: You have a pair of small horns on your
                  | head. [potion of mutation]
  7052 | D:4      | Gained mutation: You have a pair of horns on your head.
                  | [potion of mutation]
  7597 | D:4      | Reached skill level 1 in Fighting
  7597 | D:4      | Reached skill level 1 in Long Blades
  8806 | D:5      | Reached XP level 9. HP: 60/62 MP: 18/18
  9367 | D:6      | Found Gaofrik's Antique Weapon Emporium.
  9379 | D:6      | HP: 3/64 [poisoned by an orc warrior]
 10860 | D:7      | Reached skill level 1 in Armour
 11226 | D:7      | Found a broken altar of Ashenzari.
 11786 | D:7      | Noticed Duvessa
 11787 | D:7      | Noticed Dowan
 11797 | D:7      | Killed Duvessa
 11798 | D:7      | Killed Dowan
 12136 | D:7      | Found a staircase to the Ecumenical Temple.
 12148 | Temple   | Entered the Ecumenical Temple
 12152 | Temple   | Became a worshipper of Gozag Ym Sagoz the Greedy
 12483 | D:8      | Slain by a black bear

Illustrated notes

Levels and vault maps discovered:
D:1:      lightli_arrival_lavapool, layout_basic, serial_shops,
          nicolae_square_shop, shop, shop, nicolae_lakefront_shop,
          nicolae_shop_statue_plus, st_stairs_7
D:2:      layout_loops_ring, mrwooster_statue_mirror, kennysheep_doodads
D:3:      layout_rooms, grunt_ministairs_13, minmay_misc_feat_chi,
          minmay_misc_feat_diagonals, uniq_sigmund
D:4:      layout_cave_pools, lemuel_coloured_pillars_altar, uniq_menkaure,
          uniq_edmund, uniq_pikel
D:5:      layout_basic, serial_shops, nicolae_take_the_stairs
D:6:      layout_basic, serial_shops, shop
D:7:      layout_loops_ring, nicolae_ashenzari_skybound,
          minmay_temple_entry_proselytizer, kennysheep_boxes, uniq_duvessa
D:8:      layout_rooms, kennysheep_mini, slow_altar_2,
          due_lair_maze_entry_diamond, kb_rosetta
Temple:   compressed_dpeg_circular_temple

Skill      XL: |  1  2  3  4  5  6  7  8  9 |
---------------+----------------------------+-----
Ice Magic      | 5 6 7 8 |  8.8
Shields        | 1 3 4 |  4.0
Dodging        | 3 4 5 6 7 |  7.1
Spellcasting   | 3 4 5 6 7 |  7.5
Fighting       | 2 4 |  4.0
Long Blades    | 2 4 |  4.1
Armour         | 3 |  3.3
Stealth        | |  1.7

Action                   |  1- 3 |  4- 6 |  7- 9 || total
-------------------------+-------+-------+-------++-------
Melee: Club              |    17 |    11 |       ||    28
       Unarmed           |     6 |       |       ||     6
       Falchion          |       |    16 |   182 ||   198
       Headbutt          |       |       |    25 ||    25
       Short sword       |       |       |     7 ||     7
 Cast: Freeze            |    35 |    65 |    68 ||   168
       Frozen Ramparts   |       |     7 |    18 ||    25
 Abil: Hop               |       |     2 |     2 ||     4
  Use: Scroll            |       |     3 |     2 ||     5
       Potion            |       |     1 |     4 ||     5
 Stab: Sleeping          |     1 |       |     2 ||     3
Armor: Robe              |     9 |    13 |    30 ||    52
Dodge: Dodged            |    30 |    58 |   182 ||   270
Block: Buckler           |       |    17 |    63 ||    80

Table legend: (Time is in decaauts)
 A = Elapsed time spent in this place.
 B = Non-inter-level travel time spent in this place.
 C = Inter-level travel time spent in this place.
 D = Time resting spent in this place.
 E = Time spent auto-exploring this place.
 F = Levels seen in this place.
 G = Mean time per level.
                   A        B        C        D        E       F      G
               +--------+--------+--------+--------+--------+-----+--------+
         Total |  13383 |  12917 |    466 |   4079 |   7501 |   9 | 1487.0 |
       Dungeon |  13373 |  12910 |    463 |   4079 |   7501 |   8 | 1671.6 |
        Temple |      9 |      6 |      3 |      0 |      0 |   1 |    9.0 |
               +--------+--------+--------+--------+--------+-----+--------+

Top non-repeatable levels by time:
     D:3: 2615 daAuts
     D:4: 2560 daAuts
     D:7: 1839 daAuts
     D:6: 1799 daAuts
     D:2: 1667 daAuts
     D:1: 1616 daAuts
     D:5: 1251 daAuts
     D:8: 23 daAuts
  Temple: 9 daAuts
